 Dungeon Crawl Stone Soup version 0.28.0-53-g5a82cb258f (webtiles) character file.

Game seed: 3323439352269828759

4287 Condegh the Digger (level 10, -3/56 HPs)
             Began as a Gargoyle Earth Elementalist on July 30, 2022.
             Was a Follower of Vehumet.
             Engulfed by a steam dragon's steam (6 damage)
             ... on level 8 of the Dungeon on July 31, 2022.
             The game lasted 00:49:38 (9851 turns).

Condegh the Digger (Gargoyle Earth Elementalist)    Turns: 9851, Time: 00:49:39

Health: -3/56      AC: 10    Str: 11    XL:     10   Next: 32%
Magic:  2/20       EV: 12    Int: 27    God:    Vehumet [*.....]
Gold:   403        SH:  0    Dex: 10    Spells: 14/22 levels left

rFire   . . .      SeeInvis .   y - +0 flail
rCold   . . .      Faith    .   (no shield)
rNeg    + . .      Spirit   .   b - +0 robe
rPois   ∞          Reflect  .   E - +0 helmet
rElec   +          Harm     .   (no cloak)
rCorr   .          Rampage  .   (no gloves)
Will    .....                   (no boots)
Stlth   ++........              (no amulet)
HPRegen 0.18/turn               k - ring of wizardry
MPRegen 0.17/turn               r - +6 ring of intelligence

@: no status effects
A: sickness immunity, AC +7, negative energy resistance 1, electricity
resistance, torment resistance 1, petrification resistance
a: Renounce Religion


You were on level 8 of the Dungeon.
You worshipped Vehumet.
Vehumet was aware of your devotion.
You visited 2 branches of the dungeon, and saw 9 of its levels.

You collected 403 gold pieces.

Inventory:

Hand Weapons
 p - the +9 falchion of Quick Death {flame, rElec rPois}
   (You found it on level 7 of the Dungeon)

   It burns those it strikes, dealing additional fire damage.
   Big, fiery blades are also staple armaments of hydra-hunters.
   rElec:     It insulates you from electricity.
   rPois:     It protects you from poison.
 y - a +0 flail (weapon)
Missiles
 c - 33 stones
Armour
 b - a +0 robe (worn)
 n - a scarf of harm
 o - an orb of wrath
 t - the +5 ring mail of the Prince of Darkness {Drain Str+7 Int+4}
   (You took it off a hobgoblin on level 4 of the Dungeon)

   Str:       It affects your strength (+7).
   Int:       It affects your intelligence (+4).
   Drain:     It drains your maximum health when unequipped.
 E - a +0 helmet (worn)
Magical Staves
 F - a staff of cold
Jewellery
 f - a ring of ice
 k - a ring of wizardry (left hand)
 r - a +6 ring of intelligence (right hand)
 u - a +6 ring of dexterity
Wands
 d - a wand of flame (17)
 h - a wand of polymorph (11)
 s - a wand of charming (2)
Scrolls
 a - 2 scrolls of fear {unknown}
 e - 3 scrolls of magic mapping
 j - a scroll of brand weapon {unknown}
 l - 3 scrolls of amnesia
 m - 4 scrolls of teleportation {unknown}
 q - 3 scrolls of enchant weapon {unknown}
 x - a scroll of summoning {unknown}
 A - a scroll of vulnerability {unknown}
 B - 2 scrolls of fog
 D - a scroll of silence {unknown}
Potions
 g - 3 potions of flight
 i - 3 potions of curing
 v - a potion of haste
 w - 2 potions of might
 z - 3 potions of mutation {unknown}
 C - a potion of cancellation {unknown}


   Skills:
 + Level 3.8 Fighting
 + Level 3.6 Maces & Flails
 + Level 3.2 Dodging
 - Level 2.1 Stealth
 + Level 6.6 Spellcasting
 + Level 6.9 Conjurations
 - Level 0.7 Transmutations
 + Level 6.3 Fire Magic
 + Level 7.0 Earth Magic
 + Level 3.5 Evocations


You had 14 spell levels left.
You knew the following spells:

 Your Spells              Type           Power      Damage    Failure   Level
a - Sandblast             Erth           94%        2d19      1%          1
b - Stone Arrow           Conj/Erth      94%        3d12      1%          3
c - Flame Wave            Conj/Fire      45%        2d10      1%          4

Your spell library contained the following spells:

 Spells                   Type           Power      Damage    Failure   Level
 Foxfire                  Conj/Fire      100%       2x1d9     1%          1
 Passwall                 Tmut/Erth      25%        N/A       1%          2
 Petrify                  Tmut/Erth      30%        N/A       4%          4
 Starburst                Conj/Fire      22%        6d8       24%         6


Dungeon Overview and Level Annotations

Branches:
Dungeon (8/15)             Temple (1/1) D:7
   Lair: D:8-11

Altars:
Ashenzari
Cheibriados
Dithmenos
Elyvilon
Fedhas
Gozag
Hepliaklqana
Kikubaaqudgha
Nemelex Xobeh
Okawaru
Qazlal
Ru
Sif Muna
Trog
Vehumet
Wu Jian
Xom
Yredelemnul
Zin
The Shining One

Shops:
D:2 =(   D:6 *


Innate Abilities, Weirdness & Mutations

You are immune to sickness and miasma.
Your stone body is resilient. (AC +7)
You are immune to poison.
You resist negative energy. (rN+)
You are resistant to electric shocks. (rElec)
You are resistant to unholy torment.
You are immune to petrification.


Message History

You feel a bit more experienced.
Casting: Stone Arrow (safe; 1% risk of failure)
Confirm with . or Enter, or press ? or * to list all spells.
Aiming: Stone Arrow (safe; 1% risk of failure)
Press: ? - help, Shift-Dir - straight line, p - orc The stone arrow hits something!!
Vehumet accepts your kill.
You feel a bit more experienced. The steam dragon closely misses you.
The steam dragon claws you but does no damage.
You closely miss the steam dragon. The steam dragon bites you.
The steam dragon claws you but does no damage.
You closely miss the steam dragon. The steam dragon closely misses you.
The steam dragon claws you.
Casting: Stone Arrow (safe; 1% risk of failure)
Confirm with . or Enter, or press ? or * to list all spells.
Aiming: Sandblast (safe; 1% risk of failure)
Press: ? - help, Shift-Dir - straight line, f - orc
Aim: an orc, wielding a +0 club (83% to hit)
The blast of sand hits the steam dragon but does no damage.
The steam dragon closely misses you. The steam dragon misses you.
You closely miss the steam dragon. The steam dragon breathes steam at you.
The ball of steam hits you! The steam dragon barely misses you.
The steam dragon misses you.
You hear a croak.
You hear a shout!
You hear an angry buzzing noise.
You hear a shout!
You thump the steam dragon!
The steam dragon is moderately wounded.
You are engulfed in a cloud of scalding steam.
The steam dragon breathes steam at you. The ball of steam hits you!!
* * * LOW HITPOINT WARNING * * *
You hear a shout!
The steam dragon breathes steam at you. The ball of steam hits you!
* * * LOW HITPOINT WARNING * * *
You hear an angry buzzing noise.
You are engulfed in a cloud of scalding steam.
You die...

#.............
###.#############
#..............
#######..######
#...#..# #.#.#..#
...o)≈
####.#.#..#
..D..§
#......#..#
...≈≈≈
#####@###..#
....(≈
#.D§§§§§...#
....≈
##.#######.## ..)
###..# #...
#)###...## #####
#.))..### #######


There were no monsters in sight!

Vanquished Creatures
  Sigmund (D:5)
  5 yaks (D:8)
  A steam dragon (D:8)
  3 water moccasins
  An orc warrior (D:7)
  2 black bears
  2 sky beasts (D:6)
  2 necrophages
  2 ogres
  3 centaurs
  A kobold brigand (D:6)
  2 bullfrogs
  2 wyvern skeletons
  6 killer bees (D:8)
  5 wights (D:6)
  A howler monkey (D:5)
  A centaur zombie (D:8)
  3 hounds
  2 jellies
  2 bullfrog skeletons (D:5)
  3 orc priests
  A gnoll shaman (D:6)
  2 centaur skeletons
  Ijyb (D:4)
  5 iguanas
  9 orc wizards
  2 killer bee zombies
  A howler monkey zombie (D:7)
  8 gnolls
  9 adders
  2 howler monkey skeletons
  A shadow imp (D:6)
  A white imp (D:5)
  An ufetubus (D:4)
  2 worms
  3 dart slugs
  14 orcs
  9 endoplasms
  5 giant cockroaches
  5 hobgoblins
  8 jackals
  13 kobolds
  3 quokkas
  8 ball pythons
  7 bats
  7 frilled lizards
  5 goblins (D:1)
  12 rats
194 creatures vanquished.

Notes
Turn   | Place    | Note
-------+----------+-------------------------------------------
     0 | D:1      | Condegh the Gargoyle Earth Elementalist began the quest for
                  | the Orb.
     0 | D:1      | Reached XP level 1. HP: 10/10 MP: 3/3
   284 | D:1      | Got Ephug's Tome of Combat Magic
   296 | D:1      | Reached XP level 2. HP: 12/16 MP: 1/5
   617 | D:1      | Reached skill level 1 in Fighting
   819 | D:1      | Reached skill level 4 in Earth Magic
   819 | D:1      | Reached XP level 3. HP: 19/20 MP: 6/6
  1277 | D:2      | Found Gufu's Jewellery Boutique.
  1424 | D:2      | Learned a level 3 spell: Stone Arrow
  1436 | D:2      | Reached skill level 1 in Maces & Flails
  1454 | D:2      | Reached XP level 4. HP: 24/25 MP: 0/7
  1684 | D:2      | Found Jenob's Weapon Boutique.
  2264 | D:2      | Reached skill level 1 in Conjurations
  2294 | D:2      | Reached XP level 5. HP: 30/30 MP: 6/9
  2320 | D:2      | Found a faded altar of an unknown god.
  2454 | D:3      | Found a snail-covered altar of Cheibriados.
  2548 | D:3      | Learned a level 4 spell: Flame Wave
  3295 | D:4      | Noticed an ogre
  3299 | D:4      | Killed an ogre
  3300 | D:4      | Reached skill level 1 in Fire Magic
  3300 | D:4      | Reached skill level 5 in Earth Magic
  3300 | D:4      | Reached XP level 6. HP: 35/35 MP: 3/10
  3419 | D:4      | Noticed Ijyb
  3434 | D:4      | Killed Ijyb
  3547 | D:4      | Identified the +5 ring mail of the Prince of Darkness
                  | {Drain Str+7 Int+4}
  4354 | D:5      | Entered Level 5 of the Dungeon
  4555 | D:5      | Reached XP level 7. HP: 40/40 MP: 5/12
  4703 | D:5      | Reached skill level 1 in Evocations
  5098 | D:5      | Noticed Sigmund
  5102 | D:5      | Killed Sigmund
  5103 | D:5      | Reached skill level 6 in Earth Magic
  5103 | D:5      | Reached XP level 8. HP: 36/44 MP: 1/14
  6269 | D:6      | Reached skill level 5 in Conjurations
  6294 | D:6      | Reached skill level 5 in Spellcasting
  6612 | D:6      | Reached XP level 9. HP: 48/48 MP: 1/17
  6657 | D:6      | Reached skill level 5 in Fire Magic
  6764 | D:6      | Found a stormy altar of Qazlal.
  6764 | D:6      | Found Zin's Purification Station.
  6764 | D:6      | Found a glowing silver altar of Zin.
  7534 | D:7      | Found a sacrificial altar of Ru.
  7582 | D:7      | Found a staircase to the Ecumenical Temple.
  7590 | Temple   | Entered the Ecumenical Temple
  7609 | Temple   | Became a worshipper of Vehumet
  8087 | D:7      | Identified the +9 falchion of Quick Death {flame, rElec
                  | rPois}
  8477 | D:7      | Found an opulent altar of Gozag.
  9219 | D:8      | Found an ornate altar of the Wu Jian Council.
  9222 | D:8      | Found a blossoming altar of Fedhas.
  9428 | D:8      | Reached XP level 10. HP: 28/56 MP: 10/19
  9596 | D:8      | Reached * piety under Vehumet
  9596 | D:8      | Offered knowledge of Foxfire by Vehumet.
  9602 | D:8      | Reached skill level 7 in Earth Magic
  9851 | D:8      | Engulfed by a steam dragon's steam

Illustrated notes

Levels and vault maps discovered:
D:1:      amcnicky_arrival_flooded_fountain, layout_loops_cross
D:2:      layout_loops_ring, chequers_ecumenical_altar_grove, serial_shops,
          nicolae_shop_window_shopping, nicolae_shop_bloodbath_and_beyond
D:3:      layout_rooms, cheibriados_altar_1
D:4:      layout_basic, nrook_uturn, uniq_ijyb
D:5:      layout_loops_cross, minmay_statues_item, minivault_23,
          kennysheep_opposing_triangles, uniq_sigmund
D:6:      layout_cave_pools, zin_purify, old_standard_altar
D:7:      layout_basic, grunt_gozag_statues, nicolae_ru_awakened_eye,
          minmay_temple_entry_junction
D:8:      layout_basic, grunt_temple_overflow_cloverleaf, serial_shops,
          kennysheep_mini, grunt_potential
Temple:   oiseaux_autumnal_temple

Skill      XL: |  1  2  3  4  5  6  7  8  9 10 |
---------------+-------------------------------+-----
Fighting       | 1 2 3 |  3.8
Earth Magic    | 4 5 6 7 |  7.0
Dodging        | 2 3 |  3.2
Maces & Flails | 1 2 3 |  3.6
Conjurations   | 1 2 4 5 6 |  6.9
Spellcasting   | 3 4 5 6 |  6.6
Fire Magic     | 1 2 3 4 6 |  6.3
Evocations     | 2 3 |  3.5
Stealth        | |  2.1
Transmutations | |  0.7

Action                   |  1- 3 |  4- 6 |  7- 9 | 10-12 || total
-------------------------+-------+-------+-------+-------++-------
Melee: Unarmed           |    17 |       |       |       ||    17
       Club              |    81 |   149 |     9 |       ||   239
       Dagger            |    17 |       |       |       ||    17
       Punch             |     1 |     1 |       |       ||     2
       Flail             |       |       |    43 |     8 ||    51
 Cast: Sandblast         |    22 |    39 |    20 |     3 ||    84
       Stone Arrow       |       |    19 |   103 |    20 ||   142
  Use: Scroll            |       |     4 |     4 |       ||     8
       Potion            |       |       |     1 |       ||     1
 Stab: Sleeping          |     3 |     5 |       |       ||     8
Armor: Robe              |    45 |    57 |    27 |     4 ||   133
Dodge: Dodged            |    86 |   114 |    53 |    11 ||   264
